 Dungeon Crawl Stone Soup version 0.27.1-33-g824d729ab1 (webtiles) character file.

Game seed: 5072018435940077829

773612 Kaptain the Petrodigitator (level 27, -1/141 HPs)
             Began as a Gargoyle Earth Elementalist on Dec 19, 2021.
             Slain by an electric golem (6 damage)
             ... on level 5 of the Realm of Zot on Dec 20, 2021.
             The game lasted 08:15:22 (109751 turns).

Kaptain the Petrodigitator (GrEE)                 Turns: 109751, Time: 08:15:23

Health: -1/141     AC: 18    Str:  7 (13) XL:     27
Magic:  6/49       EV: 18    Int: 22 (28) God:
Gold:   5198       SH:  0    Dex:  1 (10) Spells: 11/71 levels left

rFire    + . .     SeeInvis .   (weapon currently unavailable)
rCold    + + .     Faith    .   (shield currently unavailable)
rNeg     + + +     Spirit   .   (armour currently unavailable)
rPois    ∞         Reflect  .   (helmet currently unavailable)
rElec    +         Harm     .   (cloak currently unavailable)
rCorr    +         Rampage  .   (gloves currently unavailable)
Will     +++..                  (boots currently unavailable)
Stlth    ..........             (amulet currently unavailable)
HPRegen  0.33/turn              (ring currently unavailable)
MPRegen  0.31/turn              (ring currently unavailable)

@: wisp-form, silenced (expiring), marked, fire vulnerable, flying
A: insubstial, flying, no casting, sickness immunity, AC +20, tiny, (big wings),
negative energy resistance 1, (electricity resistance), torment resistance 1,
petrification resistance, (antennae 2), (beak), deterioration 1, frail 2,
strong-willed 1, wild magic 1, evolution 2, MP-powered wands
}: 4/15 runes: barnacled, slimy, silver, gossamer
a: no special abilities


You were on level 5 of the Realm of Zot.
You were an insubstantial wisp.
You visited 14 branches of the dungeon, and saw 62 of its levels.
You also visited: Ice Cave.

You collected 10007 gold pieces.
You spent 4809 gold pieces at shops.

Inventory:

Hand Weapons
 j - the +18 lance "Wyrmbane" {slay drac, rPois rF+ rC+ AC+3}
   (You took it off a wizard on level 2 of the Depths)

   It inflicts extra damage against dragons and draconians.
   AC:        It affects your AC (+3).
   rF:        It protects you from fire.
   rC:        It protects you from cold.
   rPois:     It protects you from poison.
 E - the +8 trident of the Octopus King {venom, rElec rPois Will+}
   (You took it off a deep elf elementalist on level 3 of the Elven Halls)

   It poisons the flesh of those it strikes.
   rElec:     It insulates you from electricity.
   rPois:     It protects you from poison.
   Will:      It increases your willpower.
 X - the +7 rapier "Earthworm" {vorpal, rElec Will+ Int+4}
   (You found it on level 14 of the Dungeon)

   It inflicts extra damage upon your enemies.
   Int:       It affects your intelligence (+4).
   rElec:     It insulates you from electricity.
   Will:      It increases your willpower.
Missiles
 n - 833 stones
Armour
 i - a +2 buckler of cold resistance (melded)
 k - the +0 hat of Tenacity (melded) {rC+ rN++ rCorr Int-3}
   (You acquired it on level 3 of the Elven Halls)

   Int:       It affects your intelligence (-3).
   rC:        It protects you from cold.
   rN:        It greatly protects you from negative energy.
   rCorr:     It protects you from acid and corrosion.
 x - the +8 fire dragon scales of Ozeihearch (melded) {rElec rF++ rC- Int+2}
   (You found it on level 14 of the Dungeon)

   Int:       It affects your intelligence (+2).
   rF:        It greatly protects you from fire.
   rC:        It makes you vulnerable to cold.
   rElec:     It insulates you from electricity.
 y - the +0 pair of gloves of the Sacrificial Victim (melded) {Int+3}
   (You found it on level 5 of the Pits of Slime)

   Int:       It affects your intelligence (+3).
 z - a +1 cloak (melded)
 B - +3 ice dragon scales
 D - the +4 faerie dragon scales {rCorr Str+4}
   (You took it off the Enchantress on level 1 of the Depths)

   Str:       It affects your strength (+4).
   rCorr:     It protects you from acid and corrosion.
 O - a +0 kite shield of reflection
 R - a +1 pair of boots (melded)
 Y - the +2 hood of the Assassin {Detection Stab+ Stlth++}
   (You found it on level 3 of the Crypt)

   It allows the wearer to sense nearby creatures.
   It allows the wearer to make particularly effective stabbing attacks against
   helpless or unaware enemies with any weapon.
   Stlth:     It makes you much more stealthy.
Magical Staves
 e - a staff of earth (melded)
 G - a staff of fire
 V - a staff of conjuration
Jewellery
 a - an amulet of magic regeneration
 c - the ring "Wuyruma" {rN+ Dex+3 Stlth+}
   (You took it off a vault sentinel on level 5 of the Vaults)

   [ring of positive energy]

   Dex:       It affects your dexterity (+3).
   rN:        It protects you from negative energy.
   Stlth:     It makes you more stealthy.
 m - a ring of wizardry
 u - a ring of magical power
 v - a ring of fire
 C - the ring "Cach" (melded) {rF+ Dex+3 SInv}
   (You found it on level 3 of the Crypt)

   [ring of see invisible]

   Dex:       It affects your dexterity (+3).
   rF:        It protects you from fire.
   SInv:      It lets you see invisible.
 L - the ring "Vomamalo" (melded) {rElec rF+ rC++ MP+9 Str+3 Int-4}
   (You acquired it on level 3 of the Elven Halls)

   [ring of protection from fire]

   Str:       It affects your strength (+3).
   Int:       It affects your intelligence (-4).
   rF:        It protects you from fire.
   rC:        It greatly protects you from cold.
   rElec:     It insulates you from electricity.
   MP:        It affects your magic capacity (+9).
 U - the amulet of Elijulesme (melded) {Reflect Regen+ Str-5 Int+4 Slay+2 SH+5}
   (You acquired it on level 3 of the Elven Halls)

   [amulet of reflection]

   It reflects blocked missile attacks.
   Str:       It affects your strength (-5).
   Int:       It affects your intelligence (+4).
   Slay:      It affects your accuracy & damage with ranged weapons and melee
   (+2).
   Regen:     It increases your rate of health regeneration.
   SH:        It affects your SH (+5).
 W - the ring of Nemelex Xobeh's Wrath {Wiz rN+}
   (You found it on level 5 of the Pits of Slime)

   [ring of wizardry]

   It improves your spell success rate.
   rN:        It protects you from negative energy.
 Z - the ring "Hadai" {rElec rF++ rCorr}
   (You bought it in a shop on level 2 of the Depths)

   [ring of resist corrosion]

   rF:        It greatly protects you from fire.
   rElec:     It insulates you from electricity.
   rCorr:     It protects you from acid and corrosion.
Wands
 r - a wand of iceblast (118)
 A - a wand of acid (47)
 F - a wand of digging (17)
Scrolls
 b - 6 scrolls of enchant armour
 l - 36 scrolls of identify
 o - 11 scrolls of fog
 q - 3 scrolls of holy word
 s - 23 scrolls of teleportation
 w - 6 scrolls of immolation
 I - 5 scrolls of amnesia
 J - 7 scrolls of fear
 K - 3 scrolls of magic mapping
 N - 3 scrolls of summoning
 P - 2 scrolls of blinking
Potions
 d - 8 potions of ambrosia
 g - 14 potions of curing
 p - 5 potions of brilliance
 t - 7 potions of haste
 H - 4 potions of mutation
 M - 5 potions of resistance
 Q - a potion of berserk rage
 S - 2 potions of invisibility
 T - 5 potions of cancellation


   Skills:
 + Level 19.5 Fighting
 - Level 13.6 Staves
 + Level 16.1 Armour
 - Level 8.7 Dodging
 - Level 2.1 Stealth
 + Level 14.7 Shields
 * Level 22.5 Spellcasting
 * Level 24.0 Conjurations
 - Level 0.7 Transmutations
 * Level 21.2 Fire Magic
 O Level 27 Earth Magic


You had 11 spell levels left.
You knew the following spells:

 Your Spells              Type           Power      Damage    Failure   Level
a - Sandblast             Erth           100%       2d20      1%          1
b - Stone Arrow           Conj/Erth      100%       3d13      1%          3
c - Sticky Flame          Conj/Fire      100%       2d11      1%          4
d - Passwall              Tmut/Erth      70%        N/A       1%          2
e - Swiftness             Air            32%        N/A       8%          3
f - Iron Shot             Conj/Erth      54%        9d10      1%          6
g - Bolt of Magma         Conj/Fire/Erth 53%        4d21      1%          5
h - Orb of Destruction    Conj           53%        9d16      1%          7
i - Fireball              Conj/Fire      52%        3d20      1%          5
j - Lee's Rapid Deconstr  Erth           56%        3d27*     1%          5
k - Blink                 Tloc           N/A        N/A       4%          2
l - Shatter               Erth           56%        3d42*     4%          9
m - Lehudib's Crystal Sp  Conj/Erth      54%        10d13     1%          8

Your spell library contained the following spells:

 Spells                   Type           Power      Damage    Failure   Level
 Foxfire                  Conj/Fire      100%       2x1d9     1%          1
 Magic Dart               Conj           100%       1d8       1%          1
 Shock                    Conj/Air       100%       1d9       1%          1
 Conjure Flame            Conj/Fire      100%       6-21      1%          3
 Ignite Poison            Fire/Tmut/Pois 65%        N/A       1%          3
 Inner Flame              Hex/Fire       75%        N/A       1%          3
 Mephitic Cloud           Conj/Pois/Air  67%        N/A       1%          3
 Animate Armour           Summ/Erth      100%       N/A       1%          4
 Fulminant Prism          Conj/Hex       39%        3d18      1%          4
 Hailstorm                Conj/Ice       79%        3d16      1%          4
 Iskenderun's Mystic Bla  Conj/Tloc      79%        2d16      1%          4
 Petrify                  Tmut/Erth      84%        N/A       1%          4
 Borgnjor's Vile Clutch   Necr/Erth      41%        N/A       1%          5
 Irradiate                Conj/Tmut      40%        3d26      1%          5
 Iskenderun's Battlesphe  Conj           100%       2d15      1%          5
 Lightning Bolt           Conj/Air       39%        1d58      1%          5
 Apportation              Tloc           64%        N/A       3%          1
 Corona                   Hex            35%        N/A       3%          1
 Pain                     Necr           100%       1d9       3%          1
 Summon Small Mammal      Summ           100%       N/A       3%          1
 Wereblood                Tmut           36%        N/A       3%          2
 Freezing Cloud           Conj/Ice/Air   33%        6-21      3%          5
 Conjure Ball Lightning   Conj/Air       39%        3x3d13    3%          6
 Ignition                 Fire           50%        3d14      3%          8
 Call Imp                 Summ           32%        N/A       4%          2
 Corpse Rot               Necr/Air       N/A        N/A       4%          2
 Ensorcelled Hibernation  Hex/Ice        64%        N/A       4%          2
 Poisonous Vapours        Pois/Air       64%        N/A       4%          2
 Call Canine Familiar     Summ           32%        N/A       8%          3
 Frozen Ramparts          Ice            64%        1d8       8%          3
 Gell's Gravitas          Tloc           16%        N/A       8%          3
 Lesser Beckoning         Tloc           16%        N/A       8%          3
 Portal Projectile        Hex/Tloc       64%        N/A       8%          3
 Summon Guardian Golem    Hex/Summ       32%        N/A       8%          3
 Teleport Other           Tloc           32%        N/A       8%          3
 Tukima's Dance           Hex            32%        N/A       8%          3
 Spellforged Servitor     Conj/Summ      39%        N/A       16%         7
 Ice Form                 Ice/Tmut       34%        N/A       21%         4
 Fire Storm               Conj/Fire      52%        8d13      22%         9
 Airstrike                Air            16%        N/A       24%         4
 Animate Dead             Necr           16%        N/A       24%         4
 Olgreb's Toxic Radiance  Pois           32%        N/A       24%         4
 Passage of Golubria      Tloc           N/A        N/A       24%         4
 Summon Ice Beast         Ice/Summ       32%        N/A       24%         4
 Summon Lightning Spire   Summ/Air       32%        N/A       24%         4
 Blade Hands              Tmut           18%        N/A       43%         5
 Alistair's Intoxication  Tmut/Pois      22%        N/A       47%         5
 Yara's Violent Unravell  Hex/Tmut       17%        3d8       47%         5
 Agony                    Necr           32%        N/A       52%         5
 Excruciating Wounds      Necr           16%        N/A       52%         5
 Manifold Assault         Tloc           32%        N/A       52%         5
 Metabolic Englaciation   Hex/Ice        16%        N/A       52%         5
 Summon Forest            Summ/Tloc      16%        N/A       52%         5
 Summon Mana Viper        Hex/Summ       32%        N/A       52%         5
 Eringya's Noxious Bog    Tmut/Pois      17%        N/A       95%         6
 Death Channel            Necr           16%        N/A       97%         6
 Dispersal                Tloc           16%        N/A       97%         6
 Invisibility             Hex            16%        N/A       97%         6
 Shadow Creatures         Summ           N/A        N/A       97%         6
 Simulacrum               Ice/Necr       16%        N/A       97%         6
 Haunt                    Necr/Summ      16%        N/A       100%        7
 Malign Gateway           Summ/Tloc      16%        N/A       100%        7
 Ozocubu's Refrigeration  Ice            16%        4d8       100%        7
 Storm Form               Tmut/Air       17%        N/A       100%        7
 Summon Hydra             Summ           16%        N/A       100%        7
 Borgnjor's Revivificati  Necr           16%        N/A       100%        8
 Disjunction              Tloc           16%        N/A       100%        8
 Infestation              Necr           16%        N/A       100%        8
 Necromutation            Tmut/Necr      17%        N/A       100%        8
 Chain Lightning          Conj/Air       39%        3d52      100%        9
 Death's Door             Necr           16%        N/A       100%        9
 Statue Form              Tmut/Erth      Unusable   N/A       N/A         6
 Sublimation of Blood     Necr           Unusable   N/A       N/A         2

Dungeon Overview and Level Annotations

Branches:
Dungeon (15/15)            Temple (1/1) D:4            Lair (6/6) D:10
 Shoals (4/4) Lair:4       Spider (4/4) Lair:3        Slime (5/5) Lair:6
    Orc (2/2) D:10            Elf (3/3) Orc:2        Vaults (5/5) D:13
  Crypt (3/3) Vaults:3       Tomb (0/3) Crypt:3      Depths (5/5) D:15
   Hell (visited)             Dis (0/7) Hell            Geh (0/7) Hell
    Coc (3/7) Hell            Tar (0/7) Hell            Zot (5/5) Depths:5
  IceCv (visited)

Altars:
Ashenzari
Cheibriados
Dithmenos
Elyvilon
Fedhas
Gozag
Hepliaklqana
Kikubaaqudgha
Makhleb
Nemelex Xobeh
Okawaru
Qazlal
Ru
Sif Muna
Trog
Uskayaw
Vehumet
Wu Jian
Yredelemnul
Zin
The Shining One
Beogh
Jiyva
Lugonu

Shops:
D:1 *   D:2 ?   D:14 :   Orc:2 [[:*   Elf:1 ?   Shoals:2 *   Shoals:3 :
Vaults:5 *   Zot:5 **   Depths:1 :   Depths:2 =(*

Portals:
Hell: Depths:1 Depths:2 Depths:3 Depths:4 Depths:5
Abyss: Depths:1 Depths:3 Depths:4 Depths:5
Pandemonium: Depths:1 Depths:2 Depths:3
Ziggurat: Depths:2

Annotations:
D:5 Pikel
D:12 2 transporters, miilacz's ghost, journeyman SpVM
Vaults:4 8 runed translucent doors, christhawk's ghost, adept MiHu


Innate Abilities, Weirdness & Mutations

You are an insubstantial wisp.
Your tiny insubstantial body is highly resistant to most damage types.
You are flying.
Your equipment is entirely melded.
You are incapable of wielding weapons or throwing items.
You cannot cast spells.
You are immune to sickness and miasma.
((Your stone body is resilient. (AC +20)))
You are immune to poison.
((Your large and strong wings let you fly.))
You resist negative energy. (rN+)
((You are resistant to electric shocks. (rElec)))
You are resistant to unholy torment.
You are immune to petrification.
((You have a pair of antennae on your head.))
((You have a beak for a mouth.))
Your body sometimes deteriorates upon taking damage.
You are very frail. (-20% HP)
You are strong-willed. (Will+)
Your spells are a little harder to cast, but a little more powerful.
You rapidly evolve.
You expend magic power (3 MP) to strengthen your wands.


Message History

The Killer Klown pies you viciously! The klown pie hits you!
Blueberry!
An unnatural silence engulfs you.
Your body deteriorates!
You feel clumsy. You block the Killer Klown's attack.
The electric golem blinks!
An electric golem comes into view.
The Killer Klown pies you viciously! The klown pie misses you.
The electric golem hurls lightning at you.
The bolt of lightning hits you! You resist.
The Killer Klown pies you viciously! The klown pie hits you!
Moon pie!
You turn into an insubstantial wisp.
Your staff of earth melds into your body.
Your +1 cloak melds into your body.
The +0 hat of Tenacity {rC+ rN++ rCorr Int-3} melds into your body.
The +0 pair of gloves of the Sacrificial Victim {Int+3} melds into your body.
Your +1 pair of boots melds into your body.
Your +2 buckler of cold resistance melds into your body.
The +8 fire dragon scales of Ozeihearch {rElec rF++ rC- Int+2} melds into your body.
The ring "Cach" {rF+ Dex+3 SInv} melds into your body.
The ring "Vomamalo" {rElec rF+ rC++ MP+9 Str+3 Int-4} melds into your body.
The amulet of Elijulesme {Reflect Regen+ Str-5 Int+4 Slay+2 SH+5} melds into your body.
You feel less resistant to cold.
The Killer Klown blinks!
The Killer Klown blinks!
The Killer Klown pies you viciously! The klown pie hits you!!
Cherry!
Cherry-coloured flames burn away your fire resistance!
* * * LOW HITPOINT WARNING * * *
The electric golem closely misses you. The electric golem hits you!
* * * LOW HITPOINT WARNING * * *
The electric golem shocks you. You resist.
* * * LOW HITPOINT WARNING * * *
The electric golem hits you.
* * * LOW HITPOINT WARNING * * *
The electric golem closely misses you.
You see here +0 storm dragon scales.
Magic scrolls do not work when you're silenced!
The electric golem completely misses you.
The electric golem hits you.
You die...

################.# #)# #########
########[######## ........##
#...............# .........##
##.^...........## # .^........##
#.............# ## ......^....#
##...........## #. ....)......#
#...........# #[ ...........#
##v..........## #. .^.........#
#.p8..........# #. ...........#
##.............## #.
......(....###...............###.
..........###p..###########....#.
...p..k.k##)k..## ##.^...
...qqLq8L.[..### ###..^
##▓▓▓▓▓▓▓▓▓▓▓# #▓▓▓ ,,,{,{{,,****
***


You could see 2 Killer Klowns, an electric golem and a death drake (summoned).

Vanquished Creatures
  the Royal Jelly (Slime:5)
  6 dread liches
  5 orbs of fire
  Mara (Shoals:4)
  6 ancient liches
  2 juggernauts
  Sojobo (Depths:3)
  Bai Suzhen (Crypt:1)
  Saint Roka (Vaults:2)
  10 Killer Klowns
  2 shard shrikes
  Xtahua (Vaults:4)
  Geryon (Hell)
  3 caustic shrikes (Depths:3)
  6 curse toes
  Nikola (Spider:4)
  the Enchantress (Depths:1)
  13 golden dragons
  16 tentacled monstrosities
  11 liches
  14 quicksilver dragons
  4 deep elf blademasters
  14 Orb Guardians (Zot:5)
  5 titans (Vaults:5)
  4 deep elf master archers (Elf:3)
  26 acid blobs
  Polyphemus (Shoals:2)
  6 ancient champions
  15 death cobs
  A kraken (Shoals:3)
  10 sphinxes
  12 tengu reavers
  17 storm dragons
  6 draconian monks
  6 revenants
  15 azure jellies
  13 shadow dragons
  8 fire giants
  Ilsuiw (Shoals:4)
  A fenstrider witch (shapeshifter) (Depths:3)
  6 draconian knights
  15 rockslimes
  7 deep elf sorcerers
  A balrug (Depths:1)
  13 vault wardens
  An iron dragon (Vaults:4)
  17 frost giants
  Aizul (Shoals:2)
  An orc warlord (Vaults:4)
  9 draconian scorchers
  10 ghost moths
  Louise (Elf:1)
  11 draconian shifters
  7 deep elf elementalists (Elf:3)
  2 curse skulls
  4 emperor scorpions
  7 draconian stormcallers
  5 draconian annihilators
  3 spriggan defenders (Depths:1)
  9 ghouls
  17 ironbound preservers
  A war gargoyle (Vaults:5)
  6 reapers
  8 quicksilver oozes
  20 stone giants
  2 juggernaut skeletons (Crypt:3)
  24 very ugly things
  7 green draconians
  4 vampire knights
  7 black draconians
  6 entropy weavers
  5 deep elf demonologists
  11 deep elf annihilators
  18 red draconians
  10 yellow draconians
  3 dire elephants (Vaults:2)
  9 purple draconians
  14 white draconians
  13 spark wasps
  16 ettins
  5 merfolk javelineers
  6 eidola
  A green death (Depths:3)
  5 deep elf death magi
  3 blizzard demons
  A mummy priest (Crypt:3)
  10 fire dragons
  2 crystal guardians (Vaults:3)
  6 merfolk impalers
  11 jiangshi
  11 great orbs of eyes
  11 deep elf high priests
  15 yaktaur captains
  4 ironbound thunderhulks
  21 ice dragons
  Fannar (D:10)
  8 spriggan air magi
  11 boulder beetles
  A ragged hierophant (Elf:2)
  5 rakshasas
  3 merfolk avatars
  2 peacekeepers
  27 vault guards
  11 ironbound frosthearts
  Erolcha (D:13)
  15 hydras
  4 catoblepae
  6 merfolk aquamancers
  An alligator snapping turtle (Shoals:4)
  4 death knights
  25 centaur warriors
  24 dancing weapons
  2 tengu warriors
  3 two-headed ogres
  2 satyrs
  8 deep troll earth magi
  12 deep troll shamans
  An alligator (shapeshifter) (Depths:3)
  8 vampire magi
  14 death yaks
  6 hell hogs (Hell)
  Urug (Lair:2)
  5 ironbound beastmasters
  4 spriggan berserkers
  18 deep elf knights
  4 titan skeletons
  6 soul eaters
  11 hell knights
  The ghost of MisterT the Blocker, a novice HOFi of Beogh (D:7)
  14 sun demons
  7 iron trolls
  A fire crab (shapeshifter) (D:13)
  20 skeletal warriors
  A spark wasp zombie (Depths:3)
  2 anaconda zombies
  2 shadow wraiths
  A bunyip zombie (Crypt:2)
  A kraken simulacrum (Shoals:4)
  5 glowing orange brains
  A glowing orange brain (shapeshifter) (D:14)
  9 flayed ghosts
  11 sea snakes
  70 deep trolls
  A quicksilver dragon simulacrum (Hell)
  A shadow dragon zombie (Crypt:1)
  18 ironbound convokers
  4 bog bodies
  A gelid demonspawn (Depths:3)
  21 deep elf pyromancers
  11 deep elf archers
  21 wizards
  23 deep elf zephyrmancers
  7 lindwurms
  19 harpies
  7 orc knights
  3 golden dragon skeletons
  8 necromancers
  A shadow dragon skeleton (Coc:2)
  7 orc sorcerers (Orc:2)
  20 orb spiders
  11 phantasmal warriors
  A cyclops (shapeshifter) (D:14)
  A fire giant zombie (Coc:2)
  2 shining eyes
  57 ugly things
  14 manticores
  21 moths of wrath
  32 wolf spiders
  3 cyclopes
  A manticore (shapeshifter) (Depths:4)
  A sphinx skeleton (Depths:3)
  2 black mambas (Lair:6)
  8 fauns
  An iron dragon skeleton (Crypt:3)
  6 elephants
  4 water nymphs
  A guardian serpent (shapeshifter) (Elf:2)
  9 smoke demons
  15 vault sentinels
  3 torpor snails
  10 merfolk sirens
  A rust devil (Hell)
  2 stone giant skeletons
  6 ice statues
  5 molten gargoyles (Hell)
  2 gargoyles
  A hellion (Hell)
  14 cane toads
  4 kobold demonologists
  A sea snake zombie (Hell)
  10 rime drakes
  7 ice devils
  8 demonic crawlers
  Psyche (D:12)
  2 tormentors
  An anaconda simulacrum (Coc:2)
  A komodo dragon (shapeshifter) (Vaults:5)
  12 komodo dragons
  5 tengu conjurers
  15 freezing wraiths
  An entropy weaver simulacrum (IceCv)
  19 yaktaurs
  6 guardian mummies (Crypt:3)
  2 catoblepas skeletons
  An elf skeleton (Depths:3)
  A hellwing (Depths:3)
  A troll (shapeshifter) (Vaults:5)
  7 meliai
  41 merfolk
  A hydra zombie (Coc:2)
  5 trolls
  3 red devils (Hell)
  A meliai (shapeshifter) (Depths:4)
  A queen bee (Lair:4)
  A queen bee (shapeshifter) (D:15)
  25 jumping spiders
  10 polar bears
  A raiju (shapeshifter) (D:13)
  8 wind drakes
  A wind drake (shapeshifter) (D:15)
  2 dream sheep (Lair:6)
  An alligator zombie (Hell)
  9 hornets
  An ice dragon zombie (Hell)
  9 snapping turtles
  2 saltlings
  95 slime creatures
  6 blink frogs
  A raiju (Lair:6)
  A hydra skeleton (Crypt:1)
  2 vampires
  A black mamba zombie (Crypt:3)
  75 redbacks
  3 air elementals
  A centaur simulacrum (D:14)
  An ice dragon skeleton (Coc:2)
  6 wraiths
  A dire elephant simulacrum (IceCv)
  3 spriggans (Depths:1)
  3 shadows
  36 tarantellas
  A fire dragon skeleton (Coc:2)
  A meliai zombie (Crypt:2)
  18 water elementals
  4 wyverns
  4 basilisks
  27 yaks
  Sigmund (D:6)
  A yak (shapeshifter) (D:15)
  Eustachio (D:5)
  6 golden eyes (Slime:3)
  9 vampire mosquitoes
  A tyrant leech zombie (Crypt:1)
  3 fire elementals
  A wyvern (shapeshifter) (Depths:3)
  4 steam dragons
  A chaos spawn (Depths:3)
  A harpy simulacrum (IceCv)
  A death yak simulacrum (IceCv)
  A two-headed ogre zombie (Crypt:2)
  14 wargs
  An acid dragon (D:11)
  2 hydra simulacra (Zot:2)
  16 water moccasins
  An infernal demonspawn skeleton (Crypt:1)
  Duvessa (D:4)
  A floating eye (shapeshifter) (Depths:4)
  14 hell hounds (Lair:6)
  16 orc warriors
  11 black bears (Lair:6)
  An ettin simulacrum (Crypt:3)
  3 ice beasts
  2 alligator simulacra (Hell)
  11 ogres
  2 necrophages
  2 boggarts
  A centaur (shapeshifter) (Vaults:5)
  A lindwurm skeleton (Crypt:3)
  27 wolves
  20 centaurs
  2 lemures (D:4)
  A phantom (D:6)
  6 kobold brigands
  10 bullfrogs
  3 earth elementals
  2 two-headed ogre simulacra (IceCv)
  2 cane toad simulacra (IceCv)
  4 scorpions
  Dowan (D:4)
  A troll zombie (Crypt:3)
  A wyvern skeleton (Crypt:2)
  26 killer bees
  A yak zombie (Crypt:1)
  A spriggan skeleton (Crypt:2)
  7 wights
  10 electric eels
  10 howler monkeys
  A bullfrog zombie (D:7)
  A centaur zombie (D:8)
  2 bullfrog skeletons (D:6)
  4 gnoll shamans
  9 hounds
  4 jellies
  15 orc priests
  A basilisk skeleton (Crypt:2)
  7 centaur skeletons
  An iguana (D:5)
  36 orc wizards
  A spriggan simulacrum (IceCv)
  13 hell rats
  A polar bear simulacrum (IceCv)
  3 troll simulacra (IceCv)
  A wolf simulacrum (IceCv)
  An acid dragon skeleton (Crypt:2)
  An ogre skeleton (Crypt:3)
  A hound skeleton (D:5)
  18 gnolls
  A howler monkey skeleton (D:6)
  9 adders
  3 naga simulacra (IceCv)
  A shadow imp (D:7)
  8 white imps
  4 ufetubi
  A halfling skeleton (Crypt:1)
  A worm (D:2)
  2 dart slugs
  78 orcs
  13 endoplasms
  5 giant cockroaches
  13 goblins
  9 hobgoblins
  3 quokkas
  12 ball pythons
  A ball python zombie (Crypt:2)
  6 bats
  4 frilled lizards
  2 goblin skeletons (Crypt:2)
  5 kobolds
  A kobold skeleton (Crypt:3)
  An orc zombie (Crypt:1)
  6 rats
  A rat zombie (Crypt:1)
2612 creatures vanquished.

Vanquished Creatures (others)
  A Killer Klown (Zot:4)
  Asterion (Vaults:1)
  A frost giant (Depths:2)
  An ironbound preserver (Vaults:2)
  A yellow draconian (Zot:4)
  A deep elf knight (Elf:2)
  An ugly thing (D:15)
  A water elemental (Shoals:1)
  A howler monkey (D:7)
  A hell rat (Hell)
  A quokka (Depths:1)
  A bush (Lair:4)
  2 demonic plants (D:11)
  A fire vortex (Lair:3)
  38 fungi
  126 plants
  12 tentacles
  4 toadstools (D:9)
195 creatures vanquished.

Grand Total: 2807 creatures vanquished

Notes
Turn   | Place    | Note
-------+----------+-------------------------------------------
     0 | D:1      | Kaptain the Gargoyle Earth Elementalist began the quest for
                  | the Orb.
     0 | D:1      | Reached XP level 1. HP: 10/10 MP: 3/3
   281 | D:1      | Reached XP level 2. HP: 16/16 MP: 3/5
   786 | D:1      | Found Poguan's General Store.
   797 | D:1      | Reached skill level 4 in Earth Magic
   797 | D:1      | Reached XP level 3. HP: 20/20 MP: 4/6
   964 | D:1      | Reached skill level 1 in Armour
  1090 | D:1      | Learned a level 3 spell: Stone Arrow
  1624 | D:2      | Reached skill level 1 in Fighting
  1999 | D:2      | Reached XP level 4. HP: 13/25 MP: 0/8
  2234 | D:2      | Found a faded altar of an unknown god.
  2936 | D:2      | Found Ylailyif's Magic Scroll Shoppe.
  3571 | D:3      | Reached XP level 5. HP: 30/30 MP: 6/9
  4094 | D:3      | Identified 2 scrolls of acquirement
  4094 | D:3      | Acquired 598 gold pieces
  4557 | D:4      | Found a shadowy altar of Dithmenos.
  4561 | D:4      | Noticed Dowan
  4564 | D:4      | Reached skill level 5 in Earth Magic
  4587 | D:4      | Killed Dowan
  4588 | D:4      | Reached XP level 6. HP: 29/35 MP: 6/11
  4944 | D:4      | Found a staircase to the Ecumenical Temple.
  4952 | Temple   | Entered the Ecumenical Temple
  5477 | D:4      | Noticed Duvessa
  5488 | D:4      | Killed Duvessa
  5489 | D:4      | Reached XP level 7. HP: 17/40 MP: 8/12
  5876 | D:5      | Entered Level 5 of the Dungeon
  5994 | D:5      | Reached skill level 6 in Earth Magic
  6073 | D:5      | HP: 1/41 [orc priest/divine providence (11)]
  7181 | D:5      | Noticed Pikel
  7878 | D:5      | Found a hide-covered altar of Uskayaw.
  7951 | D:5      | Reached XP level 8. HP: 46/46 MP: 7/14
  8050 | D:5      | Noticed Eustachio
  8053 | D:5      | Killed Eustachio
  8115 | D:5      | Reached skill level 5 in Spellcasting
  8115 | D:5      | Reached skill level 7 in Earth Magic
  8627 | D:6      | Noticed a cyclops
  8933 | D:6      | Reached XP level 9. HP: 47/52 MP: 10/17
  8935 | D:6      | Reached skill level 8 in Earth Magic
  9055 | D:6      | Noticed Sigmund
  9059 | D:6      | Killed Sigmund
  9935 | D:7      | Reached skill level 1 in Conjurations
  9972 | D:7      | Reached skill level 5 in Fighting
 10044 | D:7      | Found a shimmering altar of Xom.
 10045 | D:7      | Found a shimmering altar of Xom.
 10078 | D:7      | Reached skill level 5 in Armour
 10102 | D:7      | Found a shimmering altar of Xom.
 10103 | D:7      | Found a shimmering altar of Xom.
 10105 | D:7      | Found a shimmering altar of Xom.
 10122 | D:7      | Found a shimmering altar of Xom.
 10224 | D:7      | Noticed a hornet
 10500 | D:7      | Reached skill level 9 in Earth Magic
 10691 | D:7      | Found a runed translucent door.
 10695 | D:7      | Noticed MisterT's ghost (novice HOFi)
 10904 | D:7      | Found a bloodstained altar of Trog.
 10936 | D:7      | Found an opulent altar of Gozag.
 10971 | D:7      | Gained mutation: Your mind is acute. (Int +2) [potion of
                  | mutation]
 11668 | D:7      | Reached XP level 10. HP: 58/59 MP: 7/20
 12701 | D:8      | Found a sparkling altar of Nemelex Xobeh.
 12704 | D:8      | Found a stormy altar of Qazlal.
 12705 | D:8      | Found a sacrificial altar of Ru.
 12707 | D:8      | Found a broken altar of Ashenzari.
 13020 | D:8      | Found a burning altar of Makhleb.
 13197 | D:9      | Reached skill level 10 in Earth Magic
 13396 | D:9      | Noticed a two-headed ogre
 13403 | D:9      | Killed a two-headed ogre
 13404 | D:9      | Reached skill level 1 in Shields
 13467 | D:9      | Found a white marble altar of Elyvilon.
 13581 | D:9      | Noticed a boulder beetle
 13587 | D:9      | Noticed a two-headed ogre
 13783 | D:7      | Noticed a cyclops
 13783 | D:7      | Noticed a sea snake
 13784 | D:7      | Noticed a death drake
 13784 | D:7      | a sea snake changed into a death drake
 13900 | D:1      | Bought an Everburning Encyclopedia for 260 gold pieces
 13905 | D:1      | Learned a level 4 spell: Sticky Flame
 14019 | D:7      | Noticed an elephant
 14019 | D:7      | Noticed a glowing orange brain
 14115 | D:9      | Killed a boulder beetle
 14395 | D:9      | Found an ancient bone altar of Kikubaaqudgha.
 14586 | D:9      | Killed a two-headed ogre
 14587 | D:9      | Reached XP level 11. HP: 66/66 MP: 17/23
 14749 | D:10     | Entered Level 10 of the Dungeon
 14750 | D:10     | Noticed Fannar
 14760 | D:10     | Killed Fannar
 14761 | D:10     | Reached skill level 11 in Earth Magic
 15010 | D:10     | Found a staircase to the Lair.
 15284 | D:10     | Found a staircase to the Orcish Mines.
 15682 | Lair:1   | Entered Level 1 of the Lair of Beasts
 16040 | D:11     | Reached skill level 5 in Conjurations
 16243 | D:11     | Found a corrupted altar of Lugonu.
 16837 | D:7      | Killed MisterT's ghost
 16838 | D:7      | Reached skill level 12 in Earth Magic
 16940 | Lair:1   | Reached XP level 12. HP: 72/72 MP: 22/25
 17323 | Lair:1   | Noticed a four-headed hydra
 17343 | Lair:1   | Killed a four-headed hydra
 18011 | Lair:2   | Noticed Urug
 18038 | Lair:1   | Reached skill level 5 in Shields
 18083 | Lair:2   | Killed Urug
 18167 | Lair:2   | Found a basalt altar of Yredelemnul.
 18229 | Lair:2   | Reached skill level 10 in Spellcasting
 18317 | Lair:2   | Reached skill level 5 in Dodging
 18317 | Lair:2   | Reached skill level 1 in Fire Magic
 18764 | Lair:2   | Reached skill level 13 in Earth Magic
 18987 | Lair:3   | Found a hole to the Spider Nest.
 19132 | Lair:3   | Noticed a boulder beetle
 19140 | Lair:3   | Killed a boulder beetle
 19141 | Lair:3   | Reached XP level 13. HP: 79/79 MP: 13/27
 20514 | Lair:4   | Found a staircase to the Shoals.
 21431 | Lair:4   | Reached skill level 14 in Earth Magic
 21793 | Lair:6   | Entered Level 6 of the Lair of Beasts
 22135 | Lair:6   | Gained mutation: Your large and strong wings let you fly.
                  | [Gargoyle growth]
 22135 | Lair:6   | Reached XP level 14. HP: 86/86 MP: 12/29
 22213 | Lair:6   | Found a viscous altar of Jiyva.
 22284 | Lair:6   | Found a staircase to the Slime Pits.
 23855 | Lair:6   | Reached skill level 5 in Fire Magic
 24146 | Lair:6   | Reached skill level 10 in Armour
 24146 | Lair:6   | Reached skill level 15 in Earth Magic
 24235 | Lair:6   | Reached skill level 10 in Fighting
 25085 | Orc:1    | Entered Level 1 of the Orcish Mines
 25179 | Orc:1    | Reached XP level 15. HP: 92/92 MP: 22/31
 25435 | Orc:1    | Learned a level 2 spell: Passwall
 25538 | Orc:2    | Entered Level 2 of the Orcish Mines
 25764 | Orc:2    | Found a staircase to the Elven Halls.
 26621 | Orc:2    | Found Loronnamp's General Store.
 26621 | Orc:2    | Found Heylet's Book Shoppe.
 26646 | Orc:2    | Bought a book of Annihilations for 600 gold pieces
 26646 | Orc:2    | Bought a book of Burglary for 420 gold pieces
 26650 | Orc:2    | Learned a level 3 spell: Swiftness
 27186 | Orc:2    | Paralysed by an orc sorcerer for 7 turns
 27299 | Orc:2    | Found Siyxo's Armour Shoppe.
 27299 | Orc:2    | Found Waellyell's Antique Armour Boutique.
 27520 | Spider:1 | Entered Level 1 of the Spider Nest
 27773 | Spider:1 | Noticed a ghost moth
 27801 | Spider:1 | Killed a ghost moth
 28110 | Spider:1 | Noticed an emperor scorpion
 28144 | Spider:1 | Killed an emperor scorpion
 28330 | Spider:1 | Noticed a ghost moth
 28350 | Spider:1 | Killed a ghost moth
 29118 | D:12     | Found a frozen archway.
 29127 | IceCv    | Entered an ice cave
 29870 | D:12     | Found a transporter.
 29880 | D:12     | Found a transporter.
 29896 | D:12     | Identified an amulet "Hapt" {Spirit rPois}
 29896 | D:12     | Noticed miilacz's ghost (journeyman SpVM)
 30075 | D:12     | Noticed Psyche
 30077 | D:12     | Killed Psyche
 31057 | D:13     | Noticed Erolcha
 31072 | D:13     | Killed Erolcha
 31315 | D:13     | Reached skill level 16 in Earth Magic
 31332 | D:13     | Reached XP level 16. HP: 42/99 MP: 2/32
 31799 | D:13     | Learned a level 6 spell: Iron Shot
 32304 | D:13     | Found a gate to the Vaults.
 32557 | D:13     | Learned a level 3 spell: Mephitic Cloud
 32843 | D:14     | Found Baoby's Book Emporium.
 33223 | D:14     | Found the +8 arc blade {discharge, rElec}
 33285 | D:14     | Reached skill level 10 in Conjurations
 33546 | D:14     | Identified the +8 fire dragon scales of Ozeihearch {rElec
                  | rF++ rC- Int+2}
 33627 | D:14     | Noticed a sphinx
 33633 | D:14     | Killed a sphinx
 33734 | D:14     | Identified the +4 quarterstaff of Distraction {flame,
                  | Dex+2}
 34173 | D:14     | Found a sparkling altar of Nemelex Xobeh.
 34251 | D:14     | Identified the +7 rapier "Earthworm" {vorpal, rElec Will+
                  | Int+4}
 34498 | D:15     | Entered Level 15 of the Dungeon
 34946 | D:15     | Found a staircase to the Depths.
 35033 | D:15     | Found a broken altar of Ashenzari.
 36364 | Spider:2 | Reached XP level 17. HP: 84/104 MP: 15/34
 37573 | Spider:2 | Acquired a book of the Spheres
 37583 | Spider:2 | Learned a level 7 spell: Orb of Destruction
 37589 | Spider:2 | Learned a level 5 spell: Fireball
 37839 | Spider:3 | Reached skill level 17 in Earth Magic
 37874 | Spider:3 | Found the +10 Black Knight's barding {ponderous, rPois rN+}
 38174 | Spider:3 | Learned a level 5 spell: Lee's Rapid Deconstruction
 38427 | Spider:4 | Entered Level 4 of the Spider Nest
 38427 | Spider:4 | Noticed Nikola
 38731 | Spider:4 | Killed Nikola
 41149 | Spider:4 | Reached XP level 18. HP: 112/112 MP: 16/35
 41243 | Spider:4 | Reached skill level 10 in Fire Magic
 41464 | Spider:4 | Got a gossamer rune of Zot
 41784 | Shoals:1 | Entered Level 1 of the Shoals
 42552 | D:14     | Bought Lee's Reference Book on Earth for 540 gold pieces
 44323 | Shoals:2 | Noticed Polyphemus
 44329 | Shoals:2 | Killed Polyphemus
 44660 | Shoals:2 | Found Vuisibil's Gadget Gallery.
 45321 | Shoals:2 | Noticed Aizul
 45345 | Shoals:2 | Killed Aizul
 45525 | Shoals:2 | Reached skill level 18 in Earth Magic
 46824 | Shoals:3 | Found Hull's Book Shop.
 46834 | Shoals:3 | Bought a book of Spatial Translocations for 364 gold pieces
 46834 | Shoals:3 | Bought a book of the Earth for 560 gold pieces
 46852 | Shoals:3 | Learned a level 2 spell: Blink
 46950 | Shoals:2 | Learned a level 5 spell: Bolt of Magma
 47947 | Shoals:4 | Entered Level 4 of the Shoals
 47947 | Shoals:4 | Noticed Ilsuiw
 47955 | Shoals:4 | Noticed Mara
 47962 | Shoals:4 | Reached XP level 19. HP: 68/117 MP: 31/37
 48374 | Shoals:4 | Killed Ilsuiw
 48442 | Shoals:4 | Noticed Kaptain's illusion
 48752 | Shoals:4 | Got a barnacled rune of Zot
 48771 | Shoals:4 | Noticed Kaptain's illusion
 48773 | Shoals:4 | Killed Mara
 50468 | Depths:1 | Entered Level 1 of the Depths
 50515 | Depths:1 | Found a white marble altar of Elyvilon.
 50600 | Depths:1 | Noticed a juggernaut
 50629 | Depths:1 | Killed a juggernaut
 50885 | Depths:1 | Found a gateway to Hell.
 50959 | Depths:1 | Reached skill level 15 in Spellcasting
 51082 | Depths:1 | Found Ogging's Book Boutique.
 51204 | Depths:1 | Noticed the Enchantress
 51341 | Depths:1 | Found a one-way gate to the infinite horrors of the Abyss.
 51452 | Depths:1 | Killed the Enchantress
 51457 | Depths:1 | Reached skill level 19 in Earth Magic
 51742 | Depths:1 | Found a one-way gate leading to the halls of Pandemonium.
 52280 | Depths:2 | Reached XP level 20. HP: 114/124 MP: 7/39
 52998 | Depths:2 | Noticed a dread lich
 52999 | Depths:2 | Found a gateway to a ziggurat.
 53317 | Depths:2 | Killed a dread lich
 53438 | Depths:2 | Found Mabal's Weapon Emporium.
 53441 | Depths:2 | Found Ulamirphu's Assorted Antiques.
 53441 | Depths:2 | Found Bafun's Jewellery Shoppe.
 53446 | Depths:2 | Found Berel's Assorted Antiques.
 53469 | Depths:2 | Bought a twisted helmet for 266 gold pieces
 53469 | Depths:2 | Identified the +2 helmet of Sunlight {Harm rF- Dex+5} (You
                  | bought it in a shop on level 2 of the Depths)
 53478 | Depths:2 | Bought the ring "Hadai" {rElec rF++ rCorr} for 978 gold
                  | pieces
 53938 | Depths:2 | Noticed a dread lich
 54364 | Depths:2 | Paralysed by a dread lich for 6 turns
 54372 | Depths:2 | Killed a dread lich
 54797 | Depths:2 | Got Ykoeca's Incunabulum of the Traveller and Toxins
 55398 | Elf:1    | Entered Level 1 of the Elven Halls
 56040 | Elf:1    | Noticed Louise
 56060 | Elf:1    | Killed Louise
 56823 | Elf:1    | Found Gitridd's Magic Scroll Shop.
 56833 | Elf:1    | Bought a scroll of blinking for 127 gold pieces
 56833 | Elf:1    | Bought a scroll of blinking for 127 gold pieces
 57426 | Elf:2    | Reached XP level 21. HP: 87/131 MP: 22/40
 57625 | Elf:2    | Found a runed translucent gate.
 57625 | Elf:2    | Found a runed translucent gate.
 57630 | Elf:2    | Found a runed translucent gate.
 57683 | Elf:2    | Reached skill level 20 in Earth Magic
 58191 | Elf:2    | Reached skill level 15 in Conjurations
 58852 | Elf:3    | Entered Level 3 of the Elven Halls
 59428 | Elf:3    | Identified the amulet of Accord {+Blink Regen+}
 59521 | Elf:3    | Identified the +7 scimitar of Subjectivity {speed, +Blink
                  | Dex+3}
 59521 | Elf:3    | Identified the ring of Pypaug {AC+4 Stlth+}
 60054 | Elf:3    | Paralysed by an air elemental for 1 turns
 60461 | Elf:3    | Identified the +10 morningstar "Ugoh" {vamp, Int+6}
 60673 | Elf:3    | Got the Handbook of Transmigration
 60735 | Elf:3    | Acquired the ring "Vomamalo" {rElec rF+ rC++ MP+9 Str+3
                  | Int-4}
 60743 | Elf:3    | Acquired the +0 hat of Tenacity {rC+ rN++ rCorr Int-3}
 60756 | Elf:3    | Acquired the amulet of Elijulesme {Reflect Regen+ Str-5
                  | Int+4 Slay+2 SH+5}
 60769 | Elf:3    | Acquired 680 gold pieces
 61011 | Vaults:1 | Entered Level 1 of the Vaults
 61288 | Vaults:1 | Reached XP level 22. HP: 137/137 MP: 20/42
 62504 | Vaults:1 | Noticed Asterion
 63225 | Vaults:1 | Gained mutation: You are clumsy. (Dex -2) [a cacodemon]
 63229 | Vaults:1 | Killed Asterion
 63233 | Vaults:1 | Lost mutation: Your mind is acute. (Int +2) [potion of
                  | mutation]
 63233 | Vaults:1 | Gained mutation: Your spells are a little easier to cast,
                  | but a little less powerful. [potion of mutation]
 63233 | Vaults:1 | Gained mutation: You are robust. (+10% HP) [potion of
                  | mutation]
 63235 | Vaults:1 | Lost mutation: You are clumsy. (Dex -2) [potion of
                  | mutation]
 63235 | Vaults:1 | Lost mutation: Your spells are a little easier to cast, but
                  | a little less powerful. [potion of mutation]
 63235 | Vaults:1 | Gained mutation: Your body sometimes deteriorates upon
                  | taking damage. [potion of mutation]
 63235 | Vaults:1 | Gained mutation: Your muscles are strong. (Str +2) [potion
                  | of mutation]
 63374 | Vaults:1 | Learned a level 9 spell: Shatter
 63567 | Vaults:2 | Reached skill level 21 in Earth Magic
 64127 | Vaults:2 | Found a huge runed gate.
 64127 | Vaults:2 | Found a huge runed gate.
 64127 | Vaults:2 | Found a huge runed gate.
 64127 | Vaults:2 | Found a huge runed gate.
 64127 | Vaults:2 | Found a huge runed gate.
 64127 | Vaults:2 | Found a huge runed gate.
 64127 | Vaults:2 | Found a huge runed gate.
 64128 | Vaults:2 | Found a huge runed gate.
 64128 | Vaults:2 | Found a huge runed gate.
 64128 | Vaults:2 | Found a huge runed gate.
 64135 | Vaults:2 | Found a huge runed gate.
 64135 | Vaults:2 | Found a huge runed gate.
 64135 | Vaults:2 | Found a huge runed gate.
 64135 | Vaults:2 | Found a huge runed gate.
 64135 | Vaults:2 | Found a huge runed gate.
 64135 | Vaults:2 | Found a huge runed gate.
 64136 | Vaults:2 | Found a huge runed gate.
 64137 | Vaults:2 | Found a huge runed gate.
 64138 | Vaults:2 | Found a huge runed gate.
 64806 | Vaults:2 | Found a huge runed gate.
 64806 | Vaults:2 | Found a huge runed gate.
 64806 | Vaults:2 | Found a huge runed gate.
 64806 | Vaults:2 | Found a huge runed gate.
 64806 | Vaults:2 | Found a huge runed gate.
 64807 | Vaults:2 | Found a huge runed gate.
 64808 | Vaults:2 | Found a huge runed gate.
 64809 | Vaults:2 | Found a huge runed gate.
 64810 | Vaults:2 | Found a huge runed gate.
 64818 | Vaults:2 | Found a huge runed gate.
 64818 | Vaults:2 | Found a huge runed gate.
 64818 | Vaults:2 | Found a huge runed gate.
 64818 | Vaults:2 | Found a huge runed gate.
 64818 | Vaults:2 | Found a huge runed gate.
 64818 | Vaults:2 | Found a huge runed gate.
 64819 | Vaults:2 | Found a huge runed gate.
 64820 | Vaults:2 | Found a huge runed gate.
 65463 | Vaults:2 | You are sucked into a shaft and drop 1 floor!
 65463 | Vaults:3 | Noticed Saint Roka
 66263 | Vaults:2 | Reached skill level 1 in Staves
 66617 | Vaults:2 | Identified the +5 mace of Itwidak {freeze, rCorr Str+4
                  | Stlth+}
 66625 | Vaults:2 | Identified the +0 robe "Hosixtupp" {rElec}
 66838 | Vaults:2 | Identified the +1 robe of Cheibriados's Grace {Int+3}
 66890 | Vaults:2 | Killed Saint Roka
 67299 | Vaults:3 | Found a staircase to the Crypt.
 67457 | Vaults:3 | Reached XP level 23. HP: 158/158 MP: 38/44
 68345 | Vaults:3 | Reached skill level 15 in Fighting
 69932 | Vaults:4 | Noticed Xtahua
 70091 | Vaults:4 | Killed Xtahua
 70092 | Vaults:4 | Reached skill level 5 in Staves
 70493 | Vaults:4 | Reached skill level 22 in Earth Magic
 72878 | Vaults:4 | Found a large runed translucent door.
 72878 | Vaults:4 | Found a large runed translucent door.
 72878 | Vaults:4 | Found a large runed translucent door.
 72878 | Vaults:4 | Found a large runed translucent door.
 72879 | Vaults:4 | Noticed christhawk's ghost (adept MiHu)
 72879 | Vaults:4 | Found a large runed translucent door.
 72879 | Vaults:4 | Found a large runed translucent door.
 72880 | Vaults:4 | Found a large runed translucent door.
 72880 | Vaults:4 | Found a large runed translucent door.
 72957 | Vaults:5 | Entered Level 5 of the Vaults
 72959 | Vaults:5 | Noticed a golden dragon
 72960 | Vaults:5 | Reached XP level 24. HP: 166/166 MP: 35/45
 73036 | Vaults:5 | Reached skill level 15 in Fire Magic
 73518 | Vaults:5 | Identified the +5 scythe "Gicrown" {protect, Str+3 SInv
                  | Stlth+}
 73754 | Vaults:5 | Noticed a dread lich
 73844 | Vaults:4 | Paralysed by a dread lich for 6 turns
 73856 | Vaults:4 | Killed a dread lich
 73968 | Vaults:5 | Noticed an ancient lich
 74126 | Vaults:5 | Killed an ancient lich
 74127 | Vaults:5 | Reached skill level 23 in Earth Magic
 74332 | Vaults:5 | Identified the +8 battleaxe "Tereap" {drain, rC++ rN+}
 74420 | Vaults:5 | Reached XP level 25. HP: 154/172 MP: 14/45
 74609 | Vaults:5 | Identified the ring "Wuyruma" {rN+ Dex+3 Stlth+}
 75418 | Vaults:5 | Identified the +0 fustibalus of Dishonour {vorpal, rC+
                  | Dex+4}
 75427 | Vaults:5 | Got a silver rune of Zot
 75550 | Vaults:5 | Found Wopoiw's General Store.
 75560 | Vaults:5 | Identified the +1 cloak of Makhleb's Displeasure {*Corrode
                  | rPois Regen+}
 75563 | Vaults:5 | Bought a potion of mutation for 168 gold pieces
 75563 | Vaults:5 | Bought a potion of curing for 63 gold pieces
 75576 | Vaults:5 | Identified the +4 morningstar "Qotuurou" {freeze, Fly rElec
                  | Will++ Dex-4}
 76086 | Vaults:5 | Got the Catalogue of Lethal Displacement
 76695 | Slime:1  | Entered Level 1 of the Pits of Slime
 77901 | Slime:2  | You are sucked into a shaft and drop 1 floor!
 77908 | Slime:2  | Gained mutation: You occasionally shout uncontrollably at
                  | your foes. [a shining eye]
 77910 | Slime:2  | Reached skill level 10 in Staves
 79929 | Slime:5  | Entered Level 5 of the Pits of Slime
 80000 | Slime:5  | Gained mutation: You possess an exceptional clarity of
                  | mind. [mutagenic glow]
 80316 | Slime:5  | Noticed the Royal Jelly
 80662 | Slime:5  | Paralysed by a great orb of eyes for 2 turns
 80934 | Slime:5  | Killed the Royal Jelly
 81691 | Slime:5  | Identified the +0 pair of gloves of the Sacrificial Victim
                  | {Int+3}
 81719 | Slime:5  | Identified the +8 spear of Icofevong {vorpal, *Noise rN+
                  | Int+3}
 81723 | Slime:5  | Got a slimy rune of Zot
 81749 | Slime:5  | Identified the ring of Nemelex Xobeh's Wrath {Wiz rN+}
 81775 | Slime:5  | Identified the +0 pair of gloves of Insurance {rN++ Will-
                  | Dex-2 Slay+5}
 82826 | Depths:3 | Reached XP level 26. HP: 180/180 MP: 43/46
 83142 | Depths:3 | Lost mutation: You are robust. (+10% HP) [mutagenic glow]
 83149 | Depths:2 | Gained mutation: You sometimes lose the ability to read
                  | scrolls when taking damage. [mutagenic glow]
 83165 | Depths:2 | Gained mutation: You are frail. (-10% HP) [mutagenic glow]
 83190 | Depths:2 | Lost mutation: You possess an exceptional clarity of mind.
                  | [mutagenic glow]
 83191 | Depths:2 | Lost mutation: Your body sometimes deteriorates upon taking
                  | damage. [potion of mutation]
 83191 | Depths:2 | Lost mutation: You are frail. (-10% HP) [potion of
                  | mutation]
 83191 | Depths:2 | Gained mutation: You are strong-willed. (Will+) [potion of
                  | mutation]
 83191 | Depths:2 | Gained mutation: You expend magic power (3 MP) to
                  | strengthen your wands. [potion of mutation]
 83191 | Depths:2 | Gained mutation: You have a beak for a mouth. [potion of
                  | mutation]
 83191 | Depths:2 | Gained mutation: You possess an exceptional clarity of
                  | mind. [potion of mutation]
 83192 | Depths:2 | Lost mutation: Your muscles are strong. (Str +2) [potion of
                  | mutation]
 83192 | Depths:2 | Lost mutation: You occasionally shout uncontrollably at
                  | your foes. [potion of mutation]
 83192 | Depths:2 | Lost mutation: You possess an exceptional clarity of mind.
                  | [potion of mutation]
 83192 | Depths:2 | Gained mutation: You are weak. (Str -2) [potion of
                  | mutation]
 83192 | Depths:2 | Gained mutation: You have a pair of small antennae on your
                  | head. [potion of mutation]
 83192 | Depths:2 | Gained mutation: You evolve. [potion of mutation]
 83875 | Depths:3 | Noticed Sojobo
 83882 | Depths:3 | Killed Sojobo
 84067 | Depths:3 | Reached skill level 24 in Earth Magic
 84080 | Depths:3 | Learned a level 8 spell: Lehudib's Crystal Spear
 84989 | Depths:3 | Identified the +6 scimitar of Embarrassment {freeze, rN+}
 85026 | Depths:3 | Noticed an ancient lich
 85047 | Depths:3 | Reached skill level 10 in Shields
 85052 | Depths:3 | Killed an ancient lich
 85194 | Depths:3 | Gained mutation: You have a pair of antennae on your head.
                  | [evolution]
 85231 | Depths:3 | Got the Collected Works on Malediction
 86780 | Depths:4 | Noticed a juggernaut
 86796 | Depths:4 | Killed a juggernaut
 86802 | Depths:4 | Reached XP level 27. HP: 104/171 MP: 3/46
 88236 | Depths:4 | Found a corrupted altar of Lugonu.
 88481 | Depths:4 | You are sucked into a shaft and drop 1 floor!
 88481 | Depths:5 | Entered Level 5 of the Depths
 89054 | Depths:4 | Found a sacrificial altar of Ru.
 89904 | Depths:5 | Found a gate to the Realm of Zot.
 91877 | Depths:5 | Gained mutation: You rapidly evolve. [evolution]
 92157 | Crypt:1  | Entered Level 1 of the Crypt
 93163 | Crypt:1  | Noticed Bai Suzhen
 93170 | Crypt:1  | Killed Bai Suzhen
 93171 | Crypt:1  | Reached skill level 25 in Earth Magic
 95023 | Crypt:2  | Noticed a dread lich
 95029 | Crypt:2  | Killed a dread lich
 95646 | Crypt:3  | Entered Level 3 of the Crypt
 96259 | Crypt:3  | Found a staircase to the Tomb.
 96463 | Crypt:3  | Noticed a dread lich
 96468 | Crypt:3  | Killed a dread lich
 96754 | Crypt:3  | Identified the ring of Jirr {rN+ Str+5 Dex+4}
 97216 | Crypt:3  | Identified the ring of the Crown {*Slow rF+++ rN+ rCorr
                  | Str-2}
 97645 | Crypt:3  | Found the +2 hood of the Assassin {Detection Stab+ Stlth++}
 97675 | Crypt:3  | Noticed an ancient lich
 97679 | Crypt:3  | Killed an ancient lich
 97734 | Crypt:3  | Noticed a dread lich
 97737 | Crypt:3  | Killed a dread lich
 97744 | Crypt:3  | Identified the ring of Imipiek {Fly rC+ rN+ Slay-3}
 97747 | Crypt:3  | Identified the ring "Cach" {rF+ Dex+3 SInv}
 97763 | Crypt:3  | Identified the +6 glaive of Wuurisol {spect, *Noise Int+5}
 98099 | Hell     | Entered the Vestibule of Hell
 98099 | Hell     | Noticed Geryon
 98788 | Hell     | Killed Geryon
 99098 | Hell     | Found a gateway to the Iron City of Dis.
 99259 | Hell     | Found a gateway to the freezing wastes of Cocytus.
 99428 | Hell     | Found a gateway to the decaying netherworld of Tartarus.
 99588 | Hell     | Found a gateway to the ashen valley of Gehenna.
 99693 | Coc:1    | Entered Level 1 of Cocytus
100218 | Zot:1    | Entered Level 1 of the Realm of Zot
100612 | Zot:1    | Reached skill level 26 in Earth Magic
102276 | Zot:2    | Noticed an orb of fire
102283 | Zot:2    | Gained mutation: You are frail. (-10% HP) [an orb of fire]
102284 | Zot:2    | Killed an orb of fire
104105 | Zot:2    | Gained mutation: Your spells are a little harder to cast,
                  | but a little more powerful. [evolution]
104345 | Zot:3    | You are sucked into a shaft and drop 1 floor!
104826 | Zot:3    | Reached skill level 15 in Armour
107120 | Zot:4    | Reached skill level 27 in Earth Magic
107148 | Zot:4    | Identified the +5 war axe of Generosity {pain, Int+4}
107557 | Zot:5    | Entered Level 5 of the Realm of Zot
107717 | Zot:5    | Found a glowing golden altar of the Shining One.
107822 | Zot:5    | Found Mierarr's CLEARANCE SALE! EVERYTHING MUST GO!.
107922 | Zot:5    | Found Adaczoec's Changing Room.
107943 | Zot:5    | Bought a potion of mutation for 168 gold pieces
107943 | Zot:5    | Bought a potion of mutation for 168 gold pieces
108130 | Zot:5    | Noticed an ancient lich
108135 | Zot:5    | Killed an ancient lich
108651 | Zot:5    | Noticed an orb of fire
108657 | Zot:5    | Killed an orb of fire
108836 | Zot:5    | Noticed an ancient lich
108839 | Zot:5    | Noticed an ancient lich
108844 | Zot:5    | Killed an ancient lich
108856 | Zot:5    | Killed an ancient lich
109299 | Zot:5    | Noticed an orb of fire
109300 | Zot:5    | Lost mutation: You are weak. (Str -2) [an orb of fire]
109307 | Zot:5    | Killed an orb of fire
109307 | Zot:5    | Noticed an orb of fire
109312 | Zot:5    | Gained mutation: You are very frail. (-20% HP) [an orb of
                  | fire]
109314 | Zot:5    | Gained mutation: Your body sometimes deteriorates upon
                  | taking damage. [an orb of fire]
109315 | Zot:5    | Killed an orb of fire
109728 | Zot:5    | Noticed an orb of fire
109733 | Zot:5    | Lost mutation: You sometimes lose the ability to read
                  | scrolls when taking damage. [an orb of fire]
109737 | Zot:5    | Killed an orb of fire
109745 | Zot:5    | Noticed a dread lich
109750 | Zot:5    | HP: 4/141 [electric golem (4)]
109751 | Zot:5    | Slain by an electric golem

Illustrated notes

Levels and vault maps discovered:
D:1:      dpeg_arrival_pits, layout_basic, serial_shops, nicolae_shop_crystal
D:2:      layout_basic, hellmonk_ecumenical_altar_zigzags, serial_shops, shop
D:3:      layout_basic
D:4:      layout_loops_cross, grunt_dithmenos_smoke,
          minmay_temple_entry_butterflies, uniq_duvessa
D:5:      layout_basic, eat_drink_and_be_merry_uskayaw, uniq_eustachio,
          uniq_pikel
D:6:      layout_loops_ring, lightli_corner_chamber, uniq_sigmund
D:7:      kennysheep_seaside_town, layout_loops_corners, xom_shifter_show,
          mainiacjoe_overflow_two_lobes, hellmonk_ghost_happy_afterlife,
          st_stairs_12, minmay_misc_feat_secret_circle
D:8:      layout_layer_cave, mainiacjoe_overflow_surrounded_room, minitemple
D:9:      layout_cave_pods, nicolae_overflow_crystal_walls,
          mainiacjoe_overflow_six_doors_small, grunt_ministairs_1,
          minmay_gold_behind_fungi, minivault_21, minivault_22, fountainhead
D:10:     layout_small_grid, erik_lair_island, david_orc_2, uniq_fannar
D:11:     kennysheep_kobold_lugonu_temple, layout_irregular_city
D:12:     layout_loops_corners, nzn_ghost_randoct,
          portal_ice_cave_entry_pillars_1, uniq_psyche
D:13:     layout_roguey, hangedman_vaults_entry_quadrant_bands, uniq_erolcha
D:14:     minmay_box_of_curves, layout_basic, nemelex_diamond_rough_becter,
          serial_shops, shop
D:15:     grunt_enter_depths_hoard, layout_long_grid,
          cheibrodos_ashenzari_chains
Temple:   eino_temple_lava
Lair:1:   layout_regular_city, grunt_megastairs_5
Lair:2:   layout_gridlike, basic_altar, chequers_serial_rivers_micro_d,
          chequers_serial_rivers_room_b, uniq_urug
Lair:3:   layout_gridlike, dummy_spider_entry, grunt_megastairs_1,
          serial_bayou_shore_b
Lair:4:   layout_roguey [special_room_bee], elwin_shoals_entry_rooms,
          lemuel_fruit_tree
Lair:5:   layout_long_grid, beast_lair_carwin_7, grunt_megastairs_4
Lair:6:   hangedman_lair_in_review, layout_regular_city,
          hangedman_lair_caniforms_friends, slime_altar_1
Shoals:1: layout_shoals, nicolae_shoals_wave_tunnel
Shoals:2: layout_shoals, nicolae_shoals_square_sea_wall, nicolae_shop_gadgets,
          uniq_polyphemus, uniq_aizul
Shoals:3: layout_shoals, serial_shops, shop, nicolae_shoals_drake_roost
Shoals:4: shoals_end_grunt_ice, layout_shoals, shoal_ilsuiw, yaktaur_hedge,
          uniq_mara
Spider:1: layout_spider_delve, nicolae_spider_shape
Spider:2: layout_spider_delve
Spider:3: layout_spider_delve, special_room
Spider:4: spider_rune_water, uniq_nikola
Slime:1:  layout_caves
Slime:2:  layout_caves
Slime:3:  layout_caves
Slime:4:  nicolae_slime_pool, layout_caves
Slime:5
Orc:1:    layout_caves
Orc:2:    st_orc_town, layout_diamond_mine
Elf:1:    elf_arrival_002, layout_gridlike, serial_shops, shop,
          serial_corexii_hall, corexii_hall_statues_deadend,
          corexii_hall_statues_l, hangedman_elf_disciples, nicolae_wwwww,
          uniq_louise
Elf:2:    elven_hall_of_blades_hangedman_original
          [nicolae_vaults_blade_armed_guards], layout_loops_cross,
          portal_desolation_entry_nicolae_nacl
Elf:3:    minmay_elf_hall_furrowed, layout_geoelf_grid, minivault_4,
          fountainhead, minivault_4, roderic_roman_lattice
Vaults:1: v_misc_32, hangedman_vaults_snaps, nicolae_vaults_network_s,
          nicolae_vaults_ring_of_whatevers, nicolae_vaults_twisting_passages,
          grunt_vaults_trifunnel, v_rooms_3, vaults_mumra_lcd,
          layout_vaults_maze_snakey, uniq_asterion
Vaults:2: vaults_room_grid, hangedman_vaults_trim, vaults_room_boxed,
          ontoclasm_vaults_claustrophobia, v_misc_25, vaults_door_vault,
          hangedman_vaults_river_flow, vaults_room_pools, grunt_vaults_diagonal,
          nicolae_vaults_diagonal_hallway_6, nicolae_vaults_little_squares_2,
          vaults_room_door_ring, layout_vaults_chaotic_city
Vaults:3: vaults_room_grid, minmay_crypt_entry_simple_sparse,
          vaults_room_door_hall, v_misc_16, grunt_vaults_swirl,
          grunt_vaults_funnel, v_misc_19, hangedman_vaults_slice,
          ontoclasm_vaults_chip, layout_vaults_omnigrid, uniq_saint_roka
Vaults:4: advil_vaults_ghost_lines, nicolae_vaults_windows_and_doors_thing,
          nicolae_vaults_specimen_jars, hangedman_vaults_capsules,
          nicolae_vaults_triangles, v_misc_8, vaults_mumra_bighexcomb,
          v_misc_23, vaults_room_door_hall, ontoclasm_vaults_misaligned,
          nicolae_vaults_shelves_hall, vaults_room_pool, vaults_room_corners,
          nicolae_vaults_alarming, nicolae_vaults_theta,
          ontoclasm_vaults_gateway, layout_vaults_omnibox, uniq_xtahua
Vaults:5: serial_shops
Crypt:1:  layout_chaotic_city, uniq_bai_suzhen
Crypt:2:  layout_regular_city
Crypt:3:  david_glass_crypt, layout_gridlike, tomb_entry_shell_bobbens,
          grunt_megastairs_2
Depths:1: layout_roguey, grunt_pan_entry_spiral, grunt_hell_entry_dis_grunt,
          serial_shops, shop_statue, hex_tiny, marbit_kobold_abyss_entry,
          eino_curves_04, elyvilon_altar_4, uniq_enchantress
Depths:2: cheibrodos_cascadia, layout_honeycomb, enter_ziggurat_c, hell_entry,
          grunt_decor_one_mirror, pan_entry, serial_bayou_shore_b,
          infiniplex_staircase_pool_1, minmay_shoptagon, serial_bayou_shore_a
Depths:3: minmay_tile_spiral, layout_long_grid, abyss_entry,
          rand_demon_pan_entry_4, hell_entry, chequers_serial_rivers_small_a,
          minmay_alternating_orb, uniq_sojobo
Depths:4: hangedman_cross_cluster, layout_honeycomb,
          nicolae_ru_the_path_less_chosen, hell_entry, abyss_entry_flame_altar,
          minmay_staircase_windowed_small
Depths:5: grunt_x_marks_the_spot, layout_gridlike, special_room
          [special_room_jelly], abyss_entry_glasseish,
          serial_sigils_hangedman_shear, hell_entry, serial_bayou_shore_b
Hell
Coc:1:    layout_cocytus_water_paths
Coc:2:    layout_ice_bergs
Coc:3:    layout_cocytus_water_paths, serial_ice, serial_ice_a
Zot:1:    layout_misc_corridors
Zot:2:    layout_cellular_growth, hangedman_elemental_grid_stream
Zot:3:    nicolae_zot_stationary_front, layout_twisted_circle
Zot:4:    grunt_zot_stairs_faceoff, layout_misc_corridors
Zot:5:    layout_misc_corridors, basic_altar, nicolae_transmutations_shop,
          nicolae_shop_clearance

Skill      XL: |  1  2  3  4  5  6  7  8  9 10 11 12 13 14 15 16 17 18 19 20 21 22 23 24 25 26 27 |
---------------+----------------------------------------------------------------------------------+-----
Earth Magic    | 4 5 6 7 9 10 12 13 14 15 16 17 18 19 20 21 22 23 24 27 | 27.0
Armour         | 1 2 3 4 5 6 7 8 9 10 11 12 16 | 16.1
Fighting       | 1 2 3 4 5 6 7 8 9 10 11 12 13 14 15 16 17 19 | 19.5
Dodging        | 2 3 4 5 6 7 8 |  8.7
Spellcasting   | 3 4 5 6 8 9 10 11 12 13 14 15 16 17 18 19 22 | 22.5
Conjurations   | 2 4 5 6 7 8 9 10 11 12 13 14 15 16 18 19 20 24 | 24.0
Shields        | 2 4 5 6 7 8 10 14 | 14.7
Fire Magic     | 1 4 5 7 8 9 11 12 13 14 15 16 17 21 | 21.2
Staves         | 3 7 9 11 12 13 | 13.6
Stealth        | |  2.1
Transmutations | |  0.7

Action                   |  1- 3 |  4- 6 |  7- 9 | 10-12 | 13-15 | 16-18 | 19-21 | 22-24 | 25-27 || total
-------------------------+-------+-------+-------+-------+-------+-------+-------+-------+-------++-------
Melee: Dagger            |    23 |       |       |       |       |       |       |       |       ||    23
       Short sword       |    32 |    34 |    38 |    24 |       |       |       |       |       ||   128
       Hand axe          |       |    20 |    82 |       |       |       |       |       |       ||   102
       Staff             |       |       |       |     1 |    10 |     2 |     2 |     1 |    68 ||    84
       Eveningstar       |       |       |       |       |    25 |       |       |       |       ||    25
       Rapier            |       |       |       |       |       |    53 |    20 |     1 |     4 ||    78
       Lance             |       |       |       |       |       |       |    18 |    70 |   402 ||   490
       Peck              |       |       |       |       |       |       |       |       |    64 ||    64
 Cast: Sandblast         |    30 |    71 |    39 |   205 |   322 |   210 |    10 |     4 |     4 ||   895
       Stone Arrow       |     8 |    15 |   110 |   178 |   688 |   402 |    47 |    15 |    68 ||  1531
       Sticky Flame      |       |       |       |       |     1 |     1 |     5 |       |       ||     7
       Passwall          |       |       |       |       |     1 |       |     1 |       |     1 ||     3
       Iron Shot         |       |       |       |       |       |   222 |   143 |    90 |   602 ||  1057
       Lee's Rapid Decon |       |       |       |       |       |    60 |   292 |   372 |   614 ||  1338
       Swiftness         |       |       |       |       |       |     2 |       |       |     5 ||     7
       Fireball          |       |       |       |       |       |    36 |    44 |    24 |    45 ||   149
       Orb of Destructio |       |       |       |       |       |       |     2 |     8 |    58 ||    68
       Bolt of Magma     |       |       |       |       |       |       |     2 |       |    31 ||    33
       Blink             |       |       |       |       |       |       |       |     1 |     7 ||     8
       Shatter           |       |       |       |       |       |       |       |    22 |    38 ||    60
Evoke: Wand              |       |       |       |     1 |     8 |     4 |     3 |       |    13 ||    29
  Use: Scroll            |       |     9 |       |     8 |     8 |     7 |    10 |     3 |     9 ||    54
       Potion            |       |     2 |     7 |     1 |     6 |     3 |     2 |     2 |    18 ||    41
 Stab: Sleeping          |     2 |     1 |     2 |       |       |       |       |       |       ||     5
Armor: Robe              |     2 |       |       |       |       |       |       |       |       ||     2
       Leather armour    |    18 |    33 |    69 |       |       |       |       |       |       ||   120
       Skin              |       |       |     5 |       |       |       |       |       |       ||     5
       Steam dragon scal |       |       |     2 |    32 |       |       |       |       |       ||    34
       Troll leather arm |       |       |       |    76 |   382 |       |       |       |       ||   458
       Ice dragon scales |       |       |       |       |    63 |    62 |       |       |       ||   125
       Fire dragon scale |       |       |       |       |       |   671 |   208 |   119 |  1218 ||  2216
       Acid dragon scale |       |       |       |       |       |       |       |   100 |     2 ||   102
Dodge: Dodged            |    47 |    57 |   109 |   131 |   474 |   391 |    98 |   110 |   546 ||  1963
Block: Buckler           |       |       |       |    53 |   255 |   317 |    87 |   150 |   845 ||  1707
       Reflection        |       |       |       |       |       |       |     2 |    36 |    32 ||    70
